 Dungeon Crawl Stone Soup version 0.28-a0-239-g68911e0c57 (webtiles) character file.

Game seed: 12947023403508462764

13083 frimble the Thaumaturge (level 12, -1/89 HPs)
             Began as a Gnoll Wanderer on Aug 24, 2021.
             Slain by an efreet (7 damage)
             ... on level 9 of the Dungeon.
             The game lasted 00:27:46 (15592 turns).

frimble the Thaumaturge (Gnoll Wanderer)           Turns: 15592, Time: 00:27:47

Health: -1/89      AC:  7    Str: 12    XL:     12   Next: 2%
Magic:  25/25      EV: 15    Int: 21    God:
Gold:   314        SH: 12    Dex: 13    Spells: 24/30 levels left

rFire   . . .      SeeInvis .   w - +4 flail (freeze)
rCold   . . .      Faith    .   f - +1 buckler
rNeg    . . .      Spirit   .   u - +2 troll leather armour
rPois   .          Reflect  +   (no helmet)
rElec   .          Harm     .   (no cloak)
rCorr   .          Rampage  .   (no gloves)
Will    .....                   (no boots)
Stlth   +++.......              m - amulet of reflection
HPRegen 1.24/turn               o - +6 ring of intelligence
MPRegen 0.19/turn               (no ring)

@: studying Dodging
A: fangs 1, strong nose, distributed training
a: no special abilities


You were on level 9 of the Dungeon.
You visited 1 branch of the dungeon, and saw 9 of its levels.

You collected 1354 gold pieces.
You spent 1040 gold pieces at shops.

Inventory:

Hand Weapons
 a - a +3 long sword
 s - a +2 scimitar of flaming
 w - a +4 flail of freezing (weapon)
Missiles
 b - 2 javelins
 e - 29 poisoned darts (quivered)
 y - 3 throwing nets
Armour
 f - a +1 buckler (worn)
 u - a +2 troll leather armour (worn)
Jewellery
 m - an amulet of reflection (around neck)
 o - a +6 ring of intelligence (left hand)
Wands
 j - a wand of paralysis (3)
 q - a wand of digging (5)
 x - a wand of acid (9)
Scrolls
 c - a scroll of teleportation
 g - 3 scrolls of immolation
 h - 3 scrolls of amnesia
 i - 2 scrolls of magic mapping
 p - a scroll of enchant weapon
Potions
 k - a potion of berserk rage
 n - a potion of brilliance {unknown}
 r - a potion of haste
 t - a potion of attraction {unknown}
 v - a potion of cancellation {unknown}
 z - 2 potions of heal wounds
 A - 2 potions of flight {unknown}


   Skills:
 + Level 6.8 Fighting
 + Level 6.8 Short Blades
 + Level 6.8 Long Blades
 + Level 6.8 Axes
 + Level 6.8 Maces & Flails
 + Level 6.8 Polearms
 + Level 6.8 Staves
 + Level 6.8 Slings
 + Level 6.8 Bows
 + Level 6.8 Crossbows
 + Level 7.4 Throwing
 + Level 6.8 Armour
 + Level 8.9 Dodging
 + Level 6.8 Stealth
 + Level 7.4 Shields
 + Level 6.8 Unarmed Combat
 + Level 9.9 Spellcasting
 + Level 5.6 Conjurations
 + Level 6.1 Hexes
 + Level 6.1 Summonings
 + Level 5.6 Necromancy
 + Level 6.9 Translocations
 + Level 5.6 Transmutations
 + Level 6.1 Fire Magic
 + Level 5.6 Ice Magic
 + Level 5.6 Air Magic
 + Level 5.6 Earth Magic
 + Level 5.6 Poison Magic
 + Level 7.5 Invocations
 + Level 6.8 Evocations


You had 24 spell levels left.
You knew the following spells:

 Your Spells              Type           Power      Damage    Failure   Level
a - Blink                 Tloc           N/A        N/A       1%          2
b - Foxfire               Conj/Fire      100%       2x1d9     1%          1
c - Inner Flame           Hex/Fire       36%        N/A       1%          3

Your spell library contained the following spells:

 Spells                   Type           Power      Damage    Failure   Level
 Animate Skeleton         Necr           68%        N/A       1%          1
 Magic Dart               Conj           100%       1d8       1%          1
 Pain                     Necr           100%       1d9       1%          1
 Call Imp                 Summ           36%        N/A       1%          2
 Corpse Rot               Necr/Air       N/A        N/A       1%          2
 Poisonous Vapours        Pois/Air       68%        N/A       1%          2
 Slow                     Hex            36%        N/A       1%          2
 Conjure Flame            Conj/Fire      35%        6-21      2%          3
 Mephitic Cloud           Conj/Pois/Air  34%        N/A       2%          3
 Vampiric Draining        Necr           17%        2d8       2%          3
 Cause Fear               Hex            18%        N/A       6%          4
 Freezing Cloud           Conj/Ice/Air   17%        6-21      22%         5
 Dragon Form              Tmut           17%        N/A       100%        7
 Dragon's Call            Summ           18%        N/A       100%        9


Dungeon Overview and Level Annotations

Branches:
Dungeon (9/15)             Temple (0/1) D:6            Lair (0/6) D:8
    Orc: D:9-12

Altars:
Wu Jian

Shops:
D:5 :

Annotations:
D:6 1 runed translucent door, ew1980's ghost, novice GnFi
D:7 2 transporters, zazu2006's ghost, novice NaWz
D:9 2 runed translucent doors


Innate Abilities, Weirdness & Mutations

You have very sharp teeth.
Your uncanny sense of smell can sniff out nearby items.
Your experience applies equally to all skills.


Message History

You bite the efreet, but do no damage.
The efreet is moderately wounded.
The efreet gestures at you.
The fireball explodes!
The fireball engulfs you!
The fireball engulfs the efreet.
The efreet completely resists.
You hit the efreet. You freeze the efreet. Your bite misses the efreet.
The efreet is moderately wounded.
The efreet gestures at you.
The fireball explodes!
The fireball engulfs you!!
The fireball engulfs the efreet.
The efreet completely resists.
You are too injured to fight recklessly!
You are too injured to fight recklessly!
You are too injured to fight recklessly!
You are too injured to fight recklessly!
You are too injured to fight recklessly!
You are too injured to fight recklessly!
You are too injured to fight recklessly!
You are too injured to fight recklessly!
You are too injured to fight recklessly!
You are too injured to fight recklessly!
You are too injured to fight recklessly!
You are too injured to fight recklessly!
You are too injured to fight recklessly!
You are too injured to fight recklessly!
You are too injured to fight recklessly!
You are too injured to fight recklessly!
You hit the efreet but do no damage. Your bite misses the efreet.
The efreet is moderately wounded.
The efreet gestures at you. The bolt of fire hits you!!
You hit the efreet but do no damage.
The efreet is moderately wounded.
You block the efreet's attack.
Aiming: Paralyse
Press: ? - help, Shift-Dir - straight line, f/p - efreet
Aim: an efreet, wielding the +6 battleaxe of Leruwnue {vorpal, Will+ Int+3 Dex+2} and wearing a +6 ring of strength (moderately wounded, chance to affect: 32%)
The efreet easily resists.
The efreet hits you with the +6 battleaxe of Leruwnue {vorpal, Will+ Int+3 Dex+2}!!
* * * LOW HITPOINT WARNING * * *
You die...

#...## #........## #.#........
....# #######.#.# #.#########
##.## ##.## #.# #.# #.# #.##
##+## #.# #..#
#...###########.########.########
................................#
...############################.#
...# ##########@R## #.. ...#
#..#.#.#..##.# #.. (.##
#..#(#.#..##○## ∆∆∆ #.. ..#
##.#.#.#.##...# ∆∆ ##.# .##
#.#.#.#[##...## ∆ #.(#
.#####.##..#..##.....# ∆ ##.##
###c.#.##..#..##.....## ∆ #).#
#.+y.+.###.#[##.##R##.# ∆ ##.##
#.#uc## #.#.###.#☼#.### #..#


You could see an efreet.

Vanquished Creatures
  A quicksilver ooze (shapeshifter) (D:9)
  Harold (D:8)
  A boulder beetle (D:9)
  Erica (D:8)
  2 two-headed ogres
  A tengu warrior (D:9)
  2 manticores (D:9)
  A deep elf pyromancer (D:7)
  Joseph (D:8)
  Maggie (D:7)
  Psyche (D:8)
  2 trolls
  2 hornets (D:9)
  Prince Ribbit (D:6)
  Sigmund (D:4)
  A yak (D:9)
  3 wargs
  An acid dragon (D:9)
  5 water moccasins
  3 orc warriors
  A necrophage (D:8)
  2 sky beasts
  A black bear (D:5)
  2 ice beasts
  3 centaurs
  2 phantoms
  2 kobold brigands
  3 bullfrogs
  A gnoll sergeant (D:9)
  2 scorpions
  A wyvern skeleton (D:5)
  A wyvern zombie (D:5)
  A water moccasin skeleton (D:6)
  10 killer bees
  8 wights
  2 howler monkeys
  A vampire bat (D:4)
  6 centaur zombies
  4 jellies
  2 gnoll shamans
  6 hounds
  4 orc priests
  2 iguanas (D:5)
  7 orc wizards
  2 killer bee zombies
  4 howler monkey zombies
  6 gnolls
  6 adders
  A shadow imp (D:5)
  2 white imps
  2 ufetubi
  An adder skeleton (D:2)
  A worm (D:2)
  4 dart slugs
  3 fire bats (D:4)
  26 orcs
  2 spectral bats (D:4)
  18 bats
  3 bat skeletons (D:4)
  A bat zombie (D:4)
  12 endoplasms
  3 giant cockroaches
  7 goblins
  4 hobgoblins
  10 jackals
  14 kobolds
  3 quokkas
  7 ball pythons
  A bat simulacrum (D:4)
  5 frilled lizards
  2 rats
256 creatures vanquished.

Vanquished Creatures (others)
  An ugly thing (D:9)
  A centaur zombie (D:7)
  294 foxfires
  A plant (D:8)
297 creatures vanquished.

Grand Total: 553 creatures vanquished

Notes
Turn   | Place    | Note
-------+----------+-------------------------------------------
     0 | D:1      | frimble the Gnoll Wanderer began the quest for the Orb.
     0 | D:1      | frimble set off with the following items: a +0 dagger, a +0
                  | robe, a scroll of teleportation; and the following spells
                  | available to memorise: Blink, Foxfire, Call Imp, Slow,
                  | Magic Dart, Inner Flame, Conjure Flame, Mephitic Cloud
     0 | D:1      | Reached XP level 1. HP: 13/13 MP: 8/8
   268 | D:1      | Reached XP level 2. HP: 8/19 MP: 10/10
  1458 | D:1      | Learned a level 2 spell: Blink
  1460 | D:1      | Learned a level 1 spell: Foxfire
  1486 | D:1      | Reached XP level 3. HP: 4/25 MP: 8/11
  2168 | D:2      | Reached skill level 1 in Invocations
  2506 | D:2      | Reached skill level 1 in Fighting
  2506 | D:2      | Reached skill level 1 in Short Blades
  2506 | D:2      | Reached skill level 1 in Long Blades
  2506 | D:2      | Reached skill level 1 in Axes
  2506 | D:2      | Reached skill level 1 in Maces & Flails
  2506 | D:2      | Reached skill level 1 in Polearms
  2506 | D:2      | Reached skill level 1 in Staves
  2506 | D:2      | Reached skill level 1 in Slings
  2506 | D:2      | Reached skill level 1 in Bows
  2506 | D:2      | Reached skill level 1 in Crossbows
  2506 | D:2      | Reached skill level 1 in Armour
  2506 | D:2      | Reached skill level 1 in Dodging
  2506 | D:2      | Reached skill level 1 in Stealth
  2506 | D:2      | Reached skill level 1 in Unarmed Combat
  2506 | D:2      | Reached skill level 1 in Evocations
  3114 | D:3      | Reached XP level 4. HP: 32/32 MP: 9/13
  3634 | D:3      | Reached skill level 1 in Conjurations
  3634 | D:3      | Reached skill level 1 in Necromancy
  3634 | D:3      | Reached skill level 1 in Transmutations
  3634 | D:3      | Reached skill level 1 in Ice Magic
  3634 | D:3      | Reached skill level 1 in Air Magic
  3634 | D:3      | Reached skill level 1 in Earth Magic
  3634 | D:3      | Reached skill level 1 in Poison Magic
  4456 | D:4      | Reached XP level 5. HP: 36/37 MP: 14/14
  5124 | D:4      | Reached XP level 6. HP: 35/44 MP: 16/16
  6022 | D:4      | Noticed Sigmund
  6042 | D:4      | Killed Sigmund
  6043 | D:4      | Reached XP level 7. HP: 25/51 MP: 18/18
  6324 | D:5      | Entered Level 5 of the Dungeon
  7179 | D:5      | Reached XP level 8. HP: 58/58 MP: 12/19
  7498 | D:5      | Reached skill level 8 in Spellcasting
  7696 | D:5      | Found Satowk's Self-Improvement Boutique.
  9131 | D:6      | Found a staircase to the Ecumenical Temple.
  9161 | D:6      | Reached skill level 5 in Translocations
  9161 | D:6      | Reached XP level 9. HP: 51/65 MP: 21/21
  9427 | D:6      | Noticed Prince Ribbit
  9439 | D:6      | Killed Prince Ribbit
  9603 | D:6      | Found a runed translucent door.
  9603 | D:6      | Noticed ew1980's ghost (novice GnFi)
  9632 | D:6      | Identified a scroll of acquirement
  9632 | D:6      | Acquired 757 gold pieces
  9897 | D:5      | Bought a manual of Dodging for 1040 gold pieces
 10244 | D:7      | Noticed a troll
 10253 | D:7      | Killed a troll
 10254 | D:7      | Reached skill level 5 in Throwing
 10254 | D:7      | Reached skill level 5 in Shields
 10599 | D:7      | Noticed a deep elf pyromancer
 10625 | D:7      | Found a transporter.
 10968 | D:7      | Noticed Maggie
 10987 | D:7      | Killed a deep elf pyromancer
 10988 | D:7      | Reached skill level 5 in Dodging
 10988 | D:7      | Reached skill level 5 in Invocations
 11003 | D:7      | Killed Maggie
 11126 | D:7      | Reached XP level 10. HP: 59/73 MP: 22/22
 11130 | D:7      | Learned a level 3 spell: Inner Flame
 11278 | D:7      | Found a transporter.
 11297 | D:7      | Noticed zazu2006's ghost (novice NaWz)
 11302 | D:7      | Found an ornate altar of the Wu Jian Council.
 11621 | D:7      | Reached skill level 5 in Fighting
 11621 | D:7      | Reached skill level 5 in Short Blades
 11621 | D:7      | Reached skill level 5 in Long Blades
 11621 | D:7      | Reached skill level 5 in Axes
 11621 | D:7      | Reached skill level 5 in Maces & Flails
 11621 | D:7      | Reached skill level 5 in Polearms
 11621 | D:7      | Reached skill level 5 in Staves
 11621 | D:7      | Reached skill level 5 in Slings
 11621 | D:7      | Reached skill level 5 in Bows
 11621 | D:7      | Reached skill level 5 in Crossbows
 11621 | D:7      | Reached skill level 5 in Armour
 11621 | D:7      | Reached skill level 5 in Stealth
 11621 | D:7      | Reached skill level 5 in Unarmed Combat
 11621 | D:7      | Reached skill level 5 in Evocations
 12136 | D:7      | Noticed a moth of wrath
 12149 | D:8      | Noticed Harold
 12149 | D:8      | Noticed a two-headed ogre
 12221 | D:8      | Noticed Joseph
 12228 | D:8      | Found a staircase to the Lair.
 12228 | D:8      | Noticed Erica
 12228 | D:8      | Noticed Psyche
 12795 | D:9      | Reached skill level 9 in Spellcasting
 13246 | D:9      | Reached skill level 5 in Hexes
 13246 | D:9      | Reached skill level 5 in Summonings
 13246 | D:9      | Reached skill level 5 in Fire Magic
 13813 | D:9      | Found a runed translucent door.
 13814 | D:9      | Noticed a white ugly thing
 13814 | D:9      | Noticed a centaur warrior
 13816 | D:9      | Found a runed translucent door.
 14005 | D:9      | Noticed a manticore
 14005 | D:9      | Noticed a manticore
 14016 | D:9      | Killed a manticore
 14066 | D:9      | Killed a manticore
 14067 | D:9      | Reached XP level 11. HP: 63/81 MP: 18/24
 14177 | D:9      | Noticed a boulder beetle
 14181 | D:9      | Identified the +6 battleaxe of Leruwnue {vorpal, Will+
                  | Int+3 Dex+2}
 14189 | D:9      | Killed a boulder beetle
 14190 | D:9      | Reached skill level 5 in Conjurations
 14190 | D:9      | Reached skill level 5 in Necromancy
 14190 | D:9      | Reached skill level 5 in Transmutations
 14190 | D:9      | Reached skill level 5 in Ice Magic
 14190 | D:9      | Reached skill level 5 in Air Magic
 14190 | D:9      | Reached skill level 5 in Earth Magic
 14190 | D:9      | Reached skill level 5 in Poison Magic
 14194 | D:9      | Identified the +12 plate armour of Resilience {rElec rN+}
 14194 | D:9      | Noticed a death knight
 14195 | D:9      | Noticed a swamp dragon
 14195 | D:9      | a wind drake changed into a swamp dragon
 14276 | D:8      | Killed a two-headed ogre
 14506 | D:8      | Killed Erica
 14555 | D:8      | Killed Joseph
 14761 | D:8      | Killed Harold
 14850 | D:8      | Killed Psyche
 15130 | D:9      | Noticed a two-headed ogre
 15134 | D:9      | Killed a two-headed ogre
 15258 | D:9      | Noticed a tengu warrior
 15272 | D:9      | Killed a tengu warrior
 15358 | D:9      | Found the +27 Lear's hauberk
 15373 | D:9      | Killed a green ugly thing
 15479 | D:9      | Noticed a quicksilver ooze
 15489 | D:9      | Killed a quicksilver ooze
 15490 | D:9      | Reached XP level 12. HP: 88/89 MP: 10/25
 15592 | D:9      | Slain by an efreet

Illustrated notes

Levels and vault maps discovered:
D:1:      co_arrival_square_in_a_square_in_a_square, layout_loops_ring,
          chequers_serial_rivers_small_a
D:2:      layout_basic, minivault_14, kennysheep_generic_room_8
D:3:      layout_loops_corners, st_stairs_1
D:4:      layout_loops_corners, goddamned_bats, uniq_sigmund
D:5:      cheibrodos_fzero, layout_layer_cave, nicolae_shop_self_help
D:6:      layout_basic, temple_doors_ab, gammafunk_ghost_grave,
          uniq_prince_ribbit1
D:7:      layout_loops_cross, pdpol_wu_jian_five_deadly_venoms,
          gammafunk_ghost_berserking_beasts, minmay_fractal_squares_diagonal_5,
          uniq_maggie
D:8:      layout_gridville, erik_lair_orcish_takeover, uniq_harold, uniq_erica,
          uniq_joseph, uniq_psyche
D:9:      minmay_the_grid_triangle_9x9_rhombus_full
          [minmay_the_grid_triangle_9x9_tough_junction,
          minmay_the_grid_triangle_9x9_wacky_v,
          minmay_the_grid_triangle_9x9_skeleton,
          minmay_the_grid_triangle_9x9_impossible_snake,
          minmay_the_grid_triangle_9x9_checkered,
          minmay_the_grid_triangle_9x9_windchime,
          minmay_the_grid_triangle_9x9_warning,
          minmay_the_grid_triangle_9x9_prize_insulated], layout_loops_corners,
          hellmonk_guarded_unrand_lears

Skill      XL: |  1  2  3  4  5  6  7  8  9 10 11 |
---------------+----------------------------------+-----
Hexes          | 2 3 4 5 6 |  6.1
Summonings     | 2 3 4 5 6 |  6.1
Fire Magic     | 2 3 4 5 6 |  6.1
Invocations    | 1 2 3 4 5 6 7 |  7.5
Fighting       | 1 2 3 4 5 6 |  6.8
Short Blades   | 1 2 3 4 5 6 |  6.8
Long Blades    | 1 2 3 4 5 6 |  6.8
Axes           | 1 2 3 4 5 6 |  6.8
Maces & Flails | 1 2 3 4 5 6 |  6.8
Polearms       | 1 2 3 4 5 6 |  6.8
Staves         | 1 2 3 4 5 6 |  6.8
Slings         | 1 2 3 4 5 6 |  6.8
Bows           | 1 2 3 4 5 6 |  6.8
Crossbows      | 1 2 3 4 5 6 |  6.8
Armour         | 1 2 3 4 5 6 |  6.8
Dodging        | 1 2 3 5 7 8 |  8.9
Stealth        | 1 2 3 4 5 6 |  6.8
Unarmed Combat | 1 2 3 4 5 6 |  6.8
Evocations     | 1 2 3 4 5 6 |  6.8
Conjurations   | 1 2 3 4 5 |  5.6
Necromancy     | 1 2 3 4 5 |  5.6
Transmutations | 1 2 3 4 5 |  5.6
Ice Magic      | 1 2 3 4 5 |  5.6
Air Magic      | 1 2 3 4 5 |  5.6
Earth Magic    | 1 2 3 4 5 |  5.6
Poison Magic   | 1 2 3 4 5 |  5.6
Throwing       | 3 4 5 6 7 |  7.4
Shields        | 3 4 5 6 7 |  7.4
Translocations | 4 5 6 |  6.9
Spellcasting   | 8 9 |  9.9

Action                   |  1- 3 |  4- 6 |  7- 9 | 10-12 || total
-------------------------+-------+-------+-------+-------++-------
Melee: Dagger            |    81 |    29 |       |       ||   110
       Bite              |    10 |     7 |    16 |    26 ||    59
       Halberd           |       |    93 |   107 |       ||   200
       Flail             |       |       |    98 |   253 ||   351
       Scimitar          |       |       |       |    36 ||    36
Throw: Dart              |    27 |    19 |    35 |   108 ||   189
       Javelin           |       |       |       |     1 ||     1
 Cast: Blink             |     2 |     3 |     9 |     6 ||    20
       Foxfire           |    37 |    33 |    79 |    30 ||   179
       Inner Flame       |       |       |       |    20 ||    20
Evoke: Wand              |       |       |    10 |     7 ||    17
  Use: Scroll            |     6 |     3 |     3 |     9 ||    21
       Potion            |       |     1 |     3 |     4 ||     8
 Stab: Sleeping          |     2 |     1 |     5 |     2 ||    10
       Paralysed         |       |       |       |     7 ||     7
Armor: Robe              |    40 |    58 |    46 |       ||   144
       Steam dragon scal |       |       |     3 |    31 ||    34
       Troll leather arm |       |       |       |    28 ||    28
Dodge: Dodged            |    95 |   203 |   136 |   151 ||   585
Block: Other             |       |       |    28 |       ||    28
       Reflection        |       |       |     2 |    11 ||    13
       Buckler           |       |       |    66 |   177 ||   243
       Rpst.: Scimitar   |       |       |       |     5 ||     5

Table legend: (Time is in decaauts)
 A = Elapsed time spent in this place.
 B = Non-inter-level travel time spent in this place.
 C = Inter-level travel time spent in this place.
 D = Time resting spent in this place.
 E = Time spent auto-exploring this place.
 F = Levels seen in this place.
 G = Mean time per level.
                   A        B        C        D        E       F      G
               +--------+--------+--------+--------+--------+-----+--------+
         Total |  15711 |  14903 |    808 |    239 |  11958 |   9 | 1745.7 |
       Dungeon |  15711 |  14903 |    808 |    239 |  11958 |   9 | 1745.7 |
               +--------+--------+--------+--------+--------+-----+--------+

Top non-repeatable levels by time:
     D:5: 2704 daAuts
     D:9: 2469 daAuts
     D:4: 1847 daAuts
     D:7: 1842 daAuts
     D:1: 1833 daAuts
     D:3: 1823 daAuts
     D:6: 1340 daAuts
     D:8: 933 daAuts
     D:2: 917 daAuts
